 Dungeon Crawl Stone Soup version 0.31-a0-232-gb1c03b2570 (webtiles) character file.

Game seed: 5601258188139012127

525 qw the Shooter (level 7, -5/59 HPs)
             Began as a Minotaur Hexslinger on July 7, 2023.
             Slain by Duvessa
             ... wielding a +0 short sword
              (10 damage)
             ... on level 4 of the Dungeon.
             The game lasted 00:01:12 (2892 turns).

qw the Shooter (Minotaur Hexslinger)                Turns: 2892, Time: 00:01:13

Health: -5/59      AC:  4    Str: 12    XL:     7   Next: 2%
Magic:  7/7        EV: 12    Int: 10    God:
Gold:   114        SH:  0    Dex: 15    Spells: 7/8 levels left

rFire   . . .        Y - +2 sling
rCold   . . .        (no shield)
rNeg    . . .        f - +2 robe
rPois   .            (helmet restricted)
rElec   .            (no cloak)
rCorr   .            (no gloves)
SInv    .            (no boots)
Will    .....        (no amulet)
Stlth   +            (no ring)
HPRegen 0.29/turn    (no ring)
MPRegen 0.10/turn

%: no passive effects
@: lethally poisoned (-5 -> -16), lit by a corona, glowing
A: horns 2, retaliatory headbutt
a: no special abilities


You were on level 4 of the Dungeon.
You visited 1 branch of the dungeon, and saw 4 of its levels.
You also visited: Sewer.

You collected 213 gold pieces.
You spent 99 gold pieces at shops.


Innate Abilities, Weirdness & Mutations

You have a pair of horns on your head.
You reflexively headbutt those who attack you in melee.


   Skills:
 - Level 4.0 Fighting
 + Level 7.5 Ranged Weapons
 - Level 1.0 Armour
 - Level 2.1 Dodging
 - Level 1.0 Spellcasting
 - Level 2.0 Hexes


You had 7 spell levels left.
You knew the following spells:

 Your Spells              Type           Power      Damage    Failure   Level
a - Slow                  Hex            16%        N/A       16%         1

Your spell library contained the following spells:

 Spells                   Type           Power      Damage    Failure   Level
 Inner Flame              Hex/Fire       2%         N/A       56%         3
 Portal Projectile        Hex/Tloc       4%         N/A       56%         3
 Cause Fear               Hex            2%         N/A       83%         4

Inventory:

Hand Weapons
 Y - a +2 sling (weapon)
Armour
 f - a +2 robe (worn)
Jewellery
 g - an amulet of faith
 k - a ring of ice
Scrolls
 a - 4 scrolls of identify
 d - a scroll of enchant armour
 h - a scroll of acquirement {unknown}
 j - a scroll of silence {unknown}
Potions
 c - 3 potions of enlightenment
 e - 5 potions of curing
 i - a potion of lignification {unknown}
 l - a potion of brilliance {unknown}

Dungeon Overview and Level Annotations

Branches:
Dungeon (4/15)              Sewer (visited)
 Temple: D:4-7

Altars:
Kikubaaqudgha

Shops:
D:3 [

Annotations:
D:3 1 runed translucent door, Crazy Yiuf
D:4 1 runed translucent door, Dowan; Duvessa; qw's ghost, amateur MiHs


Message History

You shoot a sling bullet.
The sling bullet hits Duvessa but does no damage.
Duvessa is moderately wounded.
Duvessa hits you but does no damage. Dowan casts a spell at you.
You are outlined in light.
Duvessa hits you with a +0 short sword.
You shoot a sling bullet. The sling bullet hits Duvessa.
Duvessa is moderately wounded.
Duvessa hits you with a +0 short sword.
You shoot a sling bullet. The sling bullet hits Duvessa.
Duvessa is moderately wounded.
Duvessa misses you. Dowan closely misses you. Duvessa closely misses you.
You furiously retaliate!
You headbutt Duvessa! You shoot a sling bullet.
The sling bullet barely misses Duvessa.
Duvessa hits you with a +0 short sword!
Dowan hits you with a +1 dagger of venom.
You are poisoned.
You shoot a sling bullet.
The sling bullet hits Duvessa but does no damage.
Duvessa is heavily wounded.
You feel sick. Duvessa hits you with a +0 short sword.
Dowan hits you with a +1 dagger of venom.
You are lethally poisoned!
Duvessa barely misses you.
2890 ||| DRINKING potion of heal wounds.
You feel much better.
You feel very sick. Duvessa hits you with a +0 short sword!
Dowan hits you with a +1 dagger of venom.
You are more poisoned.
You shoot a sling bullet. The sling bullet barely misses Duvessa.
You feel very sick. Duvessa hits you with a +0 short sword!
Dowan barely misses you. You furiously retaliate!
You headbutt Dowan! Duvessa barely misses you.
You shoot a sling bullet.
The sling bullet hits Duvessa but does no damage.
Duvessa is heavily wounded.
You feel very sick. Duvessa hits you with a +0 short sword!
You die...

#.... #.... #.... ##
#.... #.. #.... ....
##..# .....
#########..##
......######.........##
......e@....#######...##
......e#######.........#
....... ###...........
#...... #.............
#...... ##.............
##..... #..............
#...## ##............>.
#### #...............
#...............


You could see Duvessa (fast) and Dowan.

Vanquished Creatures
  Sigmund (D:3)
  A kobold brigand (Sewer)
  A scorpion (D:4)
  2 sleepcaps (D:4)
  Terence (D:2)
  An orc wizard (D:4)
  3 adders
  2 river rats (Sewer)
  3 worms
  9 orcs
  6 ball pythons
  5 endoplasms
  3 giant cockroaches
  4 goblins
  3 hobgoblins
  A jackal (Sewer)
  3 quokkas
  A bat (D:1)
  12 kobolds
  9 rats
71 creatures vanquished.

Notes
Turn   | Place    | Note
-------+----------+-------------------------------------------
     0 | D:1      | qw the Minotaur Hexslinger began the quest for the Orb.
     0 | D:1      | Reached XP level 1. HP: 16/16 MP: 1/1
     0 | D:1      | 0 ||| qw: Version: 0.3-a-46-gb1f654a
     0 | D:1      | 0 ||| qw: Game counter: 2877
     0 | D:1      | 0 ||| qw: Melee chars always use a shield: true
     0 | D:1      | 0 ||| qw: God list: Okawaru
     0 | D:1      | 0 ||| qw: Allow faded altars: false
     0 | D:1      | 0 ||| qw: Do Orc after clearing Dungeon:15 true
     0 | D:1      | 0 ||| qw: Do second Lair branch before Depths: true
     0 | D:1      | 0 ||| qw: Lair rune preference: random
     0 | D:1      | 0 ||| qw: Goals: Normal
     0 | D:1      | 0 ||| PLANNING D:1-11
   366 | D:1      | Reached skill level 3 in Ranged Weapons
   369 | D:1      | Reached XP level 2. HP: 23/23 MP: 2/2
   563 | D:1      | 563 ||| UPGRADING to +0 ring mail.
   573 | D:1      | 573 ||| DROPPING +0 robe.
   574 | D:1      | 574 ||| READING 2 scrolls labelled GANITYXOXA.
   575 | D:1      | 575 ||| READING scroll labelled ILACEY BUODIGE.
   576 | D:1      | 576 ||| READING scroll labelled QAINLONIST.
   577 | D:1      | 577 ||| READING scroll labelled UDWIDO OKLEP.
   578 | D:1      | 578 ||| READING scroll labelled PIOHAC TELISU.
   579 | D:1      | 579 ||| DRINKING 2 inky potions.
   580 | D:1      | 580 ||| DROPPING scroll of poison.
   607 | D:2      | You fall into a shaft and drop 1 floor!
   784 | D:2      | Reached XP level 3. HP: 24/29 MP: 3/3
   843 | D:2      | Noticed Terence
   851 | D:2      | Killed Terence
   852 | D:2      | Reached skill level 4 in Ranged Weapons
  1178 | D:2      | Reached XP level 4. HP: 36/36 MP: 4/4
  1228 | D:2      | Reached skill level 1 in Armour
  1326 | D:2      | 1326 ||| READING scroll labelled LEULEC ZINIRI.
  1329 | D:2      | 1329 ||| READING scroll labelled YTOEDA XAQINU.
  1330 | D:2      | 1330 ||| READING scroll labelled LIOFRU WE JUDO.
  1331 | D:2      | 1331 ||| DRINKING 2 amethyst potions.
  1332 | D:2      | 1332 ||| DRINKING 2 fuming clear potions.
  1333 | D:2      | 1333 ||| READING 5 scrolls of identify.
  1333 | D:2      | 1333 ||| IDENTIFYING sedimented pink potion
  1334 | D:2      | 1334 ||| DROPPING potion of degeneration.
  1335 | D:2      | 1335 ||| DROPPING potion of berserk rage.
  1361 | D:3      | Noticed Sigmund
  1384 | D:3      | Killed Sigmund
  1385 | D:3      | Reached skill level 6 in Ranged Weapons
  1385 | D:3      | Reached XP level 5. HP: 26/41 MP: 5/5
  1670 | D:3      | Found Kin Ciz's Antique Armour Shop.
  1676 | D:3      | 1676 ||| SHOPLISTING pair of runed boots (202 gold, have
                  | 110).
  1676 | D:3      | 1676 ||| SHOPLISTING runed leather armour (135 gold, have
                  | 110).
  1676 | D:3      | 1676 ||| BUYING runed robe (99 gold).
  1676 | D:3      | Bought a runed robe for 99 gold pieces
  1869 | D:3      | Found a runed translucent door.
  1870 | D:3      | Noticed Crazy Yiuf
  1873 | D:3      | 1873 ||| UPGRADING to +2 robe.
  1883 | D:3      | 1883 ||| DROPPING +0 ring mail.
  1884 | D:3      | 1884 ||| READING scroll labelled BOGESTRUNIM.
  1885 | D:3      | 1885 ||| READING scroll labelled KAKILE YHIMP.
  1886 | D:3      | 1886 ||| DRINKING 2 pink potions.
  1887 | D:3      | 1887 ||| DROPPING potion of magic.
  1909 | D:4      | 1909 ||| PLANNING SEWER
  1988 | D:4      | Found a glowing drain.
  1989 | D:4      | 1989 ||| READING scroll labelled MODDAE COMADGH.
  1996 | D:4      | Reached XP level 6. HP: 50/50 MP: 6/6
  2011 | Sewer    | Entered a sewer
  2095 | Sewer    | Reached skill level 3 in Fighting
  2157 | Sewer    | Found a glowing silver altar of Zin.
  2202 | D:4      | 2202 ||| PLANNING D:1-11
  2347 | D:4      | Reached skill level 7 in Ranged Weapons
  2573 | D:4      | 2573 ||| Stepping ~*~*~tactically~*~*~ (outnumbered).
  2590 | D:4      | 2590 ||| DRINKING 6 potions of curing.
  2590 | D:4      | 2590 ||| (to cure confusion)
  2593 | D:4      | Reached XP level 7. HP: 55/59 MP: 7/7
  2780 | D:4      | Found a runed translucent door.
  2784 | D:4      | Noticed qw's ghost (amateur MiHs)
  2819 | D:4      | Found an ancient bone altar of Kikubaaqudgha.
  2879 | D:4      | Noticed Duvessa
  2879 | D:4      | Noticed Dowan
  2889 | D:4      | HP: 14/59 [Duvessa/+0 short sword (4)]
  2890 | D:4      | 2890 ||| DRINKING potion of heal wounds.
  2892 | D:4      | HP: 5/59 [poisoned by Dowan]
  2892 | D:4      | Slain by Duvessa

Levels and vault maps discovered:
D:1:      matt_arrival_los_fun, layout_basic, minmay_cupped
D:2:      layout_basic, uniq_terence
D:3:      layout_rooms, serial_shops, shop, nicolae_twisty_statue_hallways,
          uniq_crazy_yiuf_cottage, uniq_sigmund
D:4:      layout_cave_pods, lemuel_tele_altar, cheibrodos_sewer_entry_bend,
          serial_column_ruins, column_ruins_square_medium,
          column_ruins_square_medium, column_ruins_open_small,
          column_ruins_open_large, column_ruins_columns_straight,
          column_ruins_open_small, column_ruins_columns_dead_end,
          ebering_ghost_reflecting_pool, minmay_starry_boxes, uniq_duvessa

Skill      XL: |  1  2  3  4  5  6 |
---------------+-------------------+-----
Ranged Weapons | 3 4 6 7 |  7.5
Fighting       | 2 4 |  4.0
Armour         | 1 |  1.0
Dodging        | |  2.1
Spellcasting   | |  1.0
Hexes          | |  2.0

Action                     |  1- 3 |  4- 6 |  7- 9 || total
---------------------------+-------+-------+-------++-------
   Fire: Sling             |    82 |   154 |    20 ||   256
    Use: Scroll            |     5 |     7 |       ||    12
         Potion            |     1 |     4 |     1 ||     6
 Armour: Ring mail         |    15 |    12 |       ||    27
         Robe              |       |    10 |     2 ||    12
  Dodge: Dodged            |    27 |    43 |     9 ||    79

Table legend:
 A = Non-vault XP
 B = Vault XP
 C = Vault XP percentage of total XP
 D = Non-vault monster count
 E = Vault monster count
 F = Vault count percentage of total count
                 A         B        C        D         E       F
            +---------+---------+-------+---------+---------+-------
      Total |     200 |     551 |  73.4 |      49 |      22 |  31.0
            +---------+---------+-------+---------+---------+-------
        D:1 |      11 |       5 |  31.2 |       8 |       3 |  27.3
        D:2 |      36 |      36 |  50.0 |      14 |       1 |   6.7
        D:3 |      39 |     243 |  86.2 |      13 |       1 |   7.1
        D:4 |     114 |     130 |  53.3 |      14 |       5 |  26.3
      Sewer |       0 |     137 | 100.0 |       0 |      12 | 100.0
            +---------+---------+-------+---------+---------+-------
